 Dungeon Crawl Stone Soup version 0.22.0-18-ge075c0d (console) character file.

1843 removed the Skirmisher (level 9, -1/51 HPs)
             Began as a Vine Stalker Summoner on Aug 18, 2018.
             Slain by a fire elemental (3 damage)
             ... summoned by a deep elf mage
             ... on level 7 of the Dungeon.
             The game lasted 00:15:24 (7928 turns).

removed the Skirmisher (Vine Stalker Summoner)      Turns: 7928, Time: 00:15:27

Health: -1/51      AC: 18    Str: 13    XL:     9   Next: 12%
Magic:  0/13       EV:  7    Int: 15    God:
Gold:   220        SH:  0    Dex: 16    Spells: 11/12 levels left

rFire    . . .     SeeInvis .   a - +0 quarterstaff
rCold    . . .     Gourm    .   (shield currently unavailable)
rNeg     + . .     Faith    .   U - +5 chain mail of the Armadillo {rN+}
rPois    .         Spirit   +   y - +0 helmet
rElec    .         Reflect  .   (no cloak)
rCorr    .         Harm     .   (no gloves)
MR       +....                  u - +0 pair of boots
Stlth    ..........             A - amulet of the acrobat
HPRegen  0.57/turn              C - ring of stealth
MPRegen  0.13/turn              B - +1 ring of protection

@: liquid flames, glowing
A: fangs 3, regeneration 1, magic shield, antimagic bite, no potion heal 3, rot
immunity
a: no special abilities


You were on level 7 of the Dungeon.
You were not hungry.

You visited 2 branches of the dungeon, and saw 8 of its levels.

You collected 220 gold pieces.

Inventory:

Hand Weapons
 a - a +0 quarterstaff (weapon)
 f - a +0 club
 z - a +0 short sword
 V - a cursed -3 blowgun
Missiles
 G - 7 curare-tipped needles
 M - a throwing net (quivered)
Armour
 u - a +0 pair of boots (worn)
 y - a +0 helmet (worn)
 U - the +5 chain mail of the Armadillo (worn) {rN+}
   (You found it on level 7 of the Dungeon)

   It protects you from negative energy.
Magical Staves
 Q - an uncursed staff of cold {unknown}
Jewellery
 A - an amulet of the acrobat (around neck)
 B - a +1 ring of protection (right hand)
 C - a ring of stealth (left hand)
 P - an uncursed ring of protection from fire
Wands
 w - a wand of flame (12)
 H - a wand of acid (3)
Scrolls
 d - a scroll of magic mapping {unknown}
 j - 2 scrolls of enchant armour {unknown}
 k - 2 scrolls of fog {unknown}
 n - 4 scrolls of teleportation
 o - a scroll of fear {unknown}
 r - a scroll of amnesia {unknown}
 F - a scroll of remove curse {unknown}
 K - a scroll of enchant weapon {unknown}
 W - a scroll of identify
Potions
 l - 3 potions of might
 p - 2 potions of flight
 t - 3 potions of agility
 D - a potion of haste
 L - a potion of magic
 O - a potion of ambrosia
 R - a potion of invisibility
 S - a potion of curing {unknown}
Comestibles
 c - 10 rations
 X - 3 chunks of flesh


   Skills:
 - Level 7.7 Fighting
 + Level 5.7 Armour
 - Level 3.1 Dodging
 - Level 2.4 Stealth
 - Level 2.1 Spellcasting
 - Level 4.0 Summonings


You had 11 spell levels left.
You knew the following spells:

 Your Spells              Type           Power        Failure   Level  Hunger
a - Summon Small Mammal   Summ           ##..         71%         1    #......

Your spell library contained the following spells:

 Spells                   Type           Power        Failure   Level  Hunger
 Call Imp                 Summ           ##......     83%         2    ###....
 Call Canine Familiar     Summ           ##......     97%         3    ###....
 Summon Guardian Golem    Hex/Summ       #.......     100%        3    ###....
 Summon Ice Beast         Ice/Summ       #.......     100%        4    #####..
 Summon Lightning Spire   Summ/Air       #.......     100%        4    #####..


Dungeon Overview and Level Annotations

Branches:
Dungeon (7/15)             Temple (1/1) D:5

Altars:
Ashenzari
Cheibriados
Fedhas
Gozag
Hepliaklqana
Kikubaaqudgha
Makhleb
Nemelex Xobeh
Qazlal
Sif Muna
Trog
Uskayaw
Vehumet
Wu Jian
Xom
Yredelemnul
Zin
The Shining One

Annotations:
D:3 2 transporters, Sylith's ghost, amateur NaVM
D:4 exclusion: phantom
D:5 exclusion: centaur


Innate Abilities, Weirdness & Mutations

You have razor-sharp teeth.
Your natural rate of healing is unusually fast.
When hurt, damage is shared between your health and your magic reserves.
Your bite disrupts and absorbs the magic of your enemies.
Potions cannot restore your health.
You are immune to rotting.


Message History

Press: ? - help, Shift-Dir - straight line, f/p - deep elf mage
Aim: a deep elf mage, wielding a long sword (severely wounded, covered in acid)
The bolt of acid misses the deep elf mage.
The fire elemental hits you. The fire elemental burns you!
* * * LOW HITPOINT WARNING * * *
The deep elf mage casts a spell at you. The sticky flame hits you!
You are covered in liquid flames!
Evoke which item? (* to show all) (? for menu, Esc to quit)
Aiming: Corrosive Bolt
Press: ? - help, Shift-Dir - straight line, f/p - deep elf mage
Aim: a deep elf mage, wielding a long sword (severely wounded, covered in acid)
The bolt of acid misses the deep elf mage.
You are covered in liquid flames!
* * * LOW HITPOINT WARNING * * *
The fire elemental hits you. The fire elemental burns you!
* * * LOW HITPOINT WARNING * * *
The deep elf mage hits you but does no damage.
The fire elemental hits you. The fire elemental burns you!
You die...

...# ...#
####
######..#
...#
#...##..#
...#
#._.#...#
...#
#.e.#...#
...#
#..##@##...#
...#
#....E.....#
...#
###..8..#..#
'###
#.....#..#
...#
#........#
...#
+........#
...#
#........#
...#
#........#
##########
#######..#


You could see a deep elf mage and a fire elemental.

Vanquished Creatures
  Menkaure (D:6)
  2 ice beasts
  3 centaurs
  A necrophage (D:7)
  2 ogres (D:6)
  A bullfrog (D:6)
  A scorpion (D:6)
  3 howler monkeys
  2 crimson imps
  A centaur skeleton (D:5)
  A gnoll shaman (D:6)
  2 hounds
  A jelly (D:7)
  An orc wizard (D:5)
  2 iguanas
  8 worker ants
  A hound zombie (D:6)
  A hound skeleton (D:6)
  Robin (D:3)
  9 adders
  8 gnolls
  2 howler monkey skeletons
  A shadow imp (D:6)
  An ooze (D:1)
  An adder zombie (D:5)
  2 adder skeletons
  3 worms
  2 dart slugs
  2 leopard geckos
  8 orcs
  11 bats
  4 giant cockroaches
  13 goblins
  14 hobgoblins
  5 quokkas
  A ball python (D:1)
  A ball python skeleton (D:4)
  4 frilled lizards
  A jackal skeleton (D:5)
  6 kobolds
  A leopard gecko skeleton (D:5)
  A quokka skeleton (D:4)
  A quokka zombie (D:7)
  7 rats
144 creatures vanquished.

Vanquished Creatures (others)
  A fungus (D:6)
1 creature vanquished.

Grand Total: 145 creatures vanquished

Notes
Turn   | Place    | Note
-------+----------+-------------------------------------------
     0 | D:1      | removed the Vine Stalker Summoner began the quest for the Orb.
     0 | D:1      | Reached XP level 1. HP: 9/9 MP: 4/4
   144 | D:1      | Reached skill level 1 in Fighting
   630 | D:1      | Reached XP level 2. HP: 14/14 MP: 6/6
   882 | D:1      | Reached skill level 2 in Fighting
  1189 | D:1      | Reached XP level 3. HP: 14/18 MP: 5/7
  1410 | D:2      | Reached skill level 3 in Fighting
  1846 | D:2      | Gained mutation: Your natural rate of healing is unusually fast. [Vine Stalker growth]
  1846 | D:2      | Reached XP level 4. HP: 23/24 MP: 6/8
  2684 | D:2      | HP: 1/25 [poisoned by an adder]
  2850 | D:2      | Reached skill level 4 in Fighting
  2948 | D:3      | Found a transporter.
  2953 | D:3      | Noticed Sylith's ghost (amateur NaVM)
  2990 | D:3      | Found a glowing golden altar of the Shining One.
  3005 | D:3      | Reached XP level 5. HP: 29/29 MP: 9/9
  3193 | D:3      | Noticed Robin
  3478 | D:3      | Found a bloodstained altar of Trog.
  3509 | D:3      | Found a blossoming altar of Fedhas.
  3659 | D:3      | Killed Robin
  3882 | D:3      | Found a transporter.
  3942 | D:4      | Noticed a phantom
  4006 | D:4      | Reached skill level 5 in Fighting
  4006 | D:4      | Reached XP level 6. HP: 29/35 MP: 6/10
  4019 | D:4      | Found an ancient bone altar of Kikubaaqudgha.
  4083 | D:4      | Noticed an ice beast
  4086 | D:4      | Killed an ice beast
  4874 | D:5      | Entered Level 5 of the Dungeon
  5021 | D:5      | Found a staircase to the Ecumenical Temple.
  5028 | Temple   | Entered the Ecumenical Temple
  5357 | D:5      | Reached XP level 7. HP: 38/39 MP: 11/11
  5380 | D:5      | Reached skill level 1 in Armour
  5871 | D:5      | Found a bloodstained altar of Trog.
  6421 | D:6      | Gained mutation: You have razor-sharp teeth. [Vine Stalker growth]
  6421 | D:6      | Reached XP level 8. HP: 43/43 MP: 12/12
  6485 | D:6      | Reached skill level 6 in Fighting
  6775 | D:6      | Noticed Menkaure
  6779 | D:6      | Killed Menkaure
  6779 | D:6      | Reached skill level 7 in Fighting
  6892 | D:6      | Found a blossoming altar of Fedhas.
  7459 | D:7      | Got a heavily runed chain mail
  7470 | D:7      | Identified the +5 chain mail of the Armadillo {rN+} (You found it on level 7 of the Dungeon)
  7514 | D:6      | Reached skill level 5 in Armour
  7597 | D:7      | Reached XP level 9. HP: 51/51 MP: 13/13
  7919 | D:7      | Found a sparkling altar of Nemelex Xobeh.
  7920 | D:7      | Noticed a deep elf mage
  7928 | D:7      | HP: 2/51 [fire elemental[a deep elf mage] (6)]
  7928 | D:7      | Slain by a fire elemental

Skill      XL: |  1  2  3  4  5  6  7  8 |
---------------+-------------------------+-----
Fighting       | 1 2 3 4 5 7 |  7.7
Dodging        | 3 |  3.1
Armour         | 4 5 |  5.7
Stealth        | |  2.4
Spellcasting   | |  2.1
Summonings     | |  4.0

Action                   |  1- 3 |  4- 6 |  7- 9 || total
-------------------------+-------+-------+-------++-------
Melee: Club              |    14 |       |       ||    14
       Bite              |    16 |    84 |    90 ||   190
       Short sword       |    60 |   226 |       ||   286
       Quarterstaff      |       |    82 |   265 ||   347
Evoke: Wand              |       |     7 |    22 ||    29
  Use: Scroll            |       |       |     8 ||     8
 Stab: Sleeping          |     5 |    10 |       ||    15
  Eat: Chunk             |     3 |    11 |     9 ||    23
Armor: Robe              |    16 |    44 |       ||    60
       Chain mail        |       |    19 |   215 ||   234
Dodge: Dodged            |    57 |   200 |   124 ||   381
